| TOP OF THE 1ST |
|
Orem Owlz batting - Pitching for Princeton Rays : RHP Jaylin Green
|
|
Pitching: RHP Jaylin Green
|
|
|
Batting: RHB Josh Faulconer
|
0-0: Called Strike 0-1: Foul Ball, location: 2F 0-2: Ball 1-2: Ball 2-2: Fly out, F8 (Line Drive, 8RM, EV 84.4 MPH)
|
|
Batting: RHB Nick Lombardo
|
0-0: Called Strike 0-1: Ball 1-1: Called Strike 1-2: TRIPLE (Line Drive, 89XD, EV 105.6 MPH)
|
|
Batting: LHB Matthew Bale
|
0-0: Swinging Strike 0-1: Ball 1-1: Ground out 5-3 (Groundball, 56, EV 78.1 MPH) Nick Lombardo scores
|
|
Batting: RHB Peter Westover
|
0-0: Ball 1-0: Foul Ball, location: 2F 1-1: Called Strike 1-2: Fly out, F8 (Flyball, 8RM, EV 85.6 MPH)
|
| Top of the 1st over - 1 run, 1 hit, 0 errors, 0 left on base; Orem 1 - Princeton 0 |
| BOTTOM OF THE 1ST |
|
Princeton Rays batting - Pitching for Orem Owlz : RHP Lense Heus
|
|
Pitching: RHP Lense Heus
|
|
|
Batting: LHB Jonathan Spino
|
0-0: Foul Ball, location: 2F 0-1: Ball 1-1: Ball 2-1: Swinging Strike 2-2: Strikes out swinging
|
|
Batting: SHB Joshua Jackson
|
0-0: Ball 1-0: Ball 2-0: Ball 3-0: Base on Balls
|
|
Batting: RHB Alex Diaz
|
0-0: Swinging Strike Pickoff Throw to First - Error! E1 Joshua Jackson to second 0-1: Foul Ball, location: 2F 0-2: Ball 1-2: Ball 2-2: DOUBLE (Flyball, 8RXD, EV 102.5 MPH) Joshua Jackson scores
|
|
Batting: LHB Rich Matthews
|
0-0: Ground out 4-3 (Groundball, 4D, EV 98.8 MPH) Alex Diaz to third
|
|
Batting: RHB John Downing
|
0-0: Ball Wild Pitch! Alex Diaz scores 1-0: Swinging Strike 1-1: Called Strike 1-2: Reached via error on a dropped throw from P, E3 (Groundball, 15, EV 61.9 MPH)
|
|
Batting: LHB Sean Banks
|
0-0: Ball John Downing steals 2nd base 1-0: Fly out, F9 (Flyball, 9, EV 86.9 MPH)
|
| Bottom of the 1st over - 2 runs, 1 hit, 2 errors, 1 left on base; Orem 1 - Princeton 2 |
| TOP OF THE 2ND |
|
Orem Owlz batting - Pitching for Princeton Rays : RHP Jaylin Green
|
|
Batting: LHB Alberto Carrillo
|
0-0: Foul Ball, location: 2F 0-1: Ball 1-1: Ball 2-1: SINGLE (Groundball, 4M, EV 98.1 MPH) (infield hit)
|
|
Batting: RHB Danny Guevara
|
0-0: Ball 1-0: Ball 2-0: Reached on error, E5 (Groundball, 56, EV 85.0 MPH) Alberto Carrillo to second
|
|
Batting: RHB Sean Rocha
|
0-0: Fielders Choice at 2nd, 6-4 (Groundball, 6, EV 85.0 MPH) Alberto Carrillo to third
|
|
Batting: RHB Trevor Kingston
|
0-0: Foul Ball, location: 2F 0-1: Foul Ball, location: 2F 0-2: Ball 1-2: Ball 2-2: Strikes out looking Sean Rocha steals 2nd base Batter strikes out.
|
|
Batting: RHB Jayden Bain
|
0-0: Called Strike 0-1: Called Strike 0-2: Ball 1-2: Ball 2-2: Foul Ball, location: 2F 2-2: Ground out 6-3 (Groundball, 6, EV 85.0 MPH)
|
| Top of the 2nd over - 0 runs, 1 hit, 1 error, 2 left on base; Orem 1 - Princeton 2 |
| BOTTOM OF THE 2ND |
|
Princeton Rays batting - Pitching for Orem Owlz : RHP Lense Heus
|
|
Batting: RHB Roberto Aispuro
|
0-0: Ball 1-0: Ball 2-0: Ball 3-0: Base on Balls
|
|
Batting: RHB Jim Erdody
|
0-0: Ball Roberto Aispuro steals 2nd, throwing error, E2 Roberto Aispuro to third 1-0: Foul Ball, location: 2F 1-1: Ball 2-1: Foul Ball, location: 2F 2-2: Foul Ball, location: 2F 2-2: SINGLE (Groundball, 6MS, EV 70.0 MPH) (infield hit) Roberto Aispuro scores
|
|
Batting: RHB Adam Turpin
|
0-0: Fielders Choice at 2nd, 5-4 (Groundball, 56S, EV 88.8 MPH)
|
|
Batting: LHB Jonathan Spino
|
0-0: Ball 1-0: Swinging Strike 1-1: Ball 2-1: SINGLE (Flyball, 8RS, EV 91.9 MPH) Adam Turpin to second
|
|
Batting: SHB Joshua Jackson
|
0-0: Ball 1-0: Ball 2-0: Ball 3-0: Base on Balls Adam Turpin to third Jonathan Spino to second
|
|
Batting: RHB Alex Diaz
|
0-0: Called Strike 0-1: Foul Ball, location: 2F 0-2: Ball 1-2: Ball 2-2: Foul Ball, location: 2F 2-2: Ball 3-2: Base on Balls Adam Turpin scores Jonathan Spino to third Joshua Jackson to second
|
|
Batting: LHB Rich Matthews
|
0-0: Ball 1-0: Foul Ball, location: 2F 1-1: Ground out 4-3 (Groundball, 4S, EV 71.2 MPH) Jonathan Spino scores Joshua Jackson to third Alex Diaz to second
|
|
Batting: RHB John Downing
|
0-0: SINGLE (Groundball, 56S, EV 61.9 MPH) (infield hit) Joshua Jackson scores Alex Diaz to third
|
|
Pitching: RHP Javier Carrasco
|
|
|
Batting: LHB Sean Banks
|
0-0: Foul Ball, location: 2F 0-1: Ball 1-1: SINGLE (Groundball, 56S, EV 71.2 MPH) (infield hit) Alex Diaz scores John Downing to second
|
|
Batting: RHB Roberto Aispuro
|
0-0: Called Strike 0-1: Swinging Strike 0-2: Foul Ball, location: 2F 0-2: Ball 1-2: Foul Ball, location: 2F 1-2: Ball 2-2: Foul Ball, location: 2F 2-2: 3-RUN HOME RUN (Line Drive, 7D, EV 101.2 MPH), Distance : 388 ft
|
|
Batting: RHB Jim Erdody
|
0-0: Swinging Strike 0-1: Ball 1-1: Called Strike 1-2: Ball 2-2: Ball 3-2: Foul Ball, location: 2F 3-2: Strikes out looking
|
| Bottom of the 2nd over - 8 runs, 5 hits, 1 error, 0 left on base; Orem 1 - Princeton 10 |
| TOP OF THE 3RD |
|
Orem Owlz batting - Pitching for Princeton Rays : RHP Jaylin Green
|
|
Batting: RHB Josh Faulconer
|
0-0: Called Strike 0-1: Ball 1-1: Ball 2-1: Foul Ball, location: 2F 2-2: Strikes out swinging
|
|
Batting: RHB Nick Lombardo
|
0-0: Ball 1-0: Ball 2-0: Ball 3-0: Called Strike 3-1: Ground out U3 (Groundball, 34S, EV 88.1 MPH)
|
|
Batting: LHB Matthew Bale
|
0-0: Ball 1-0: Ball 2-0: Foul Ball, location: 2F 2-1: Ball 3-1: Swinging Strike 3-2: Base on Balls
|
|
Batting: RHB Peter Westover
|
0-0: Ball 1-0: Foul Ball, location: 2F 1-1: Fly out, F7 (Flyball, 78D, EV 91.2 MPH)
|
| Top of the 3rd over - 0 runs, 0 hits, 0 errors, 1 left on base; Orem 1 - Princeton 10 |
| BOTTOM OF THE 3RD |
|
Princeton Rays batting - Pitching for Orem Owlz : RHP Javier Carrasco
|
|
Batting: RHB Adam Turpin
|
0-0: Ball 1-0: Called Strike 1-1: SINGLE (Groundball, 6S, EV 69.4 MPH) (infield hit)
|
|
Batting: LHB Jonathan Spino
|
0-0: Swinging Strike 0-1: Fielders Choice at 2nd, 1-6 (Groundball, P, EV 66.9 MPH)
|
|
Batting: SHB Joshua Jackson
|
0-0: Foul Ball, location: 2F 0-1: Ball 1-1: Foul Ball, location: 2F 1-2: Fly out, F9 (Flyball, 9LS, EV 77.5 MPH)
|
|
Batting: RHB Alex Diaz
|
0-0: Ball 1-0: Ball 2-0: Ball 3-0: Base on Balls Jonathan Spino to second
|
|
Batting: LHB Rich Matthews
|
0-0: Called Strike 0-1: Ball 1-1: Ball 2-1: Foul Ball, location: 2F 2-2: Foul Ball, location: 2F 2-2: Ball 3-2: Foul Ball, location: 2F 3-2: Foul Ball, location: 2F 3-2: Base on Balls Jonathan Spino to third Alex Diaz to second
|
|
Pitching: RHP Kunihiro Sasaki
|
|
|
Batting: RHB John Downing
|
0-0: Called Strike 0-1: Foul Ball, location: 2F 0-2: Fly out, F8 (Flyball, 89D, EV 95.6 MPH)
|
| Bottom of the 3rd over - 0 runs, 1 hit, 0 errors, 3 left on base; Orem 1 - Princeton 10 |
| TOP OF THE 4TH |
|
Orem Owlz batting - Pitching for Princeton Rays : RHP Jaylin Green
|
|
Batting: LHB Alberto Carrillo
|
0-0: Called Strike 0-1: Ground out 4-3 (Groundball, 4S, EV 85.6 MPH)
|
|
Batting: RHB Danny Guevara
|
0-0: Called Strike 0-1: Ball 1-1: Ball 2-1: Ball 3-1: Foul Ball, location: 2F 3-2: Strikes out swinging
|
|
Batting: RHB Sean Rocha
|
0-0: Foul Ball, location: 2F 0-1: Ball 1-1: Fly out, F8 (Flyball, 89M, EV 75.0 MPH)
|
| Top of the 4th over - 0 runs, 0 hits, 0 errors, 0 left on base; Orem 1 - Princeton 10 |
| BOTTOM OF THE 4TH |
|
Princeton Rays batting - Pitching for Orem Owlz : RHP Kunihiro Sasaki
|
|
Batting: LHB Sean Banks
|
0-0: Foul Ball, location: 2F 0-1: Reached on error, E3 (Groundball, 3, EV 91.9 MPH)
|
|
Batting: RHB Roberto Aispuro
|
0-0: Fielders Choice at 2nd, 5-4 (Groundball, 56, EV 111.2 MPH)
|
|
Batting: RHB Jim Erdody
|
0-0: Foul Ball, location: 2LF, Error on foul ball, E2 0-1: Grounds into double play, 6-4-3 (Groundball, 6, EV 90.6 MPH)
|
| Bottom of the 4th over - 0 runs, 0 hits, 2 errors, 0 left on base; Orem 1 - Princeton 10 |
| TOP OF THE 5TH |
|
Orem Owlz batting - Pitching for Princeton Rays : RHP Jaylin Green
|
|
Batting: RHB Trevor Kingston
|
0-0: Ball 1-0: Ball 2-0: Ball 3-0: Called Strike 3-1: Foul Ball, location: 2F 3-2: Ground out 6-3 (Groundball, 6, EV 81.9 MPH)
|
|
Batting: RHB Jayden Bain
|
0-0: Called Strike 0-1: Ball 1-1: Ball 2-1: Ball 3-1: Called Strike 3-2: Foul Ball, location: 2F 3-2: Strikes out looking
|
|
Batting: RHB Josh Faulconer
|
0-0: Foul Ball, location: 2F 0-1: Called Strike 0-2: Foul Ball, location: 2F 0-2: Ball 1-2: Strikes out swinging
|
| Top of the 5th over - 0 runs, 0 hits, 0 errors, 0 left on base; Orem 1 - Princeton 10 |
| BOTTOM OF THE 5TH |
|
Princeton Rays batting - Pitching for Orem Owlz : RHP Kunihiro Sasaki
|
|
Batting: RHB Adam Turpin
|
0-0: SINGLE (Groundball, 6MD, EV 94.4 MPH)
|
|
Batting: LHB Jonathan Spino
|
0-0: Called Strike 0-1: Ball 1-1: Ball 2-1: Called Strike 2-2: Ball 3-2: Base on Balls Adam Turpin to second
|
|
Batting: SHB Joshua Jackson
|
0-0: Foul Ball, location: 2F 0-1: Foul Ball, location: 2F 0-2: Ball 1-2: Fly out, F2 (Popup, 23F, EV 92.5 MPH)
|
|
Batting: RHB Alex Diaz
|
0-0: Foul Ball, location: 2F 0-1: Ball 1-1: Foul Ball, location: 2F 1-2: Strikes out swinging
|
|
Batting: LHB Rich Matthews
|
0-0: Ball 1-0: Called Strike 1-1: Ball 2-1: Fly out, F8 (Flyball, 8LD, EV 88.1 MPH)
|
| Bottom of the 5th over - 0 runs, 1 hit, 0 errors, 2 left on base; Orem 1 - Princeton 10 |
| TOP OF THE 6TH |
|
Orem Owlz batting - Pitching for Princeton Rays : RHP Jaylin Green
|
|
Batting: RHB Nick Lombardo
|
0-0: Fly out, F7 (Flyball, 7, EV 86.9 MPH)
|
|
Batting: LHB Matthew Bale
|
0-0: Ground out 4-3 (Groundball, 34, EV 88.8 MPH)
|
|
Pitching: RHP Eddie Aguirre
|
|
|
Batting: RHB Peter Westover
|
0-0: Foul Ball, location: 2F 0-1: Swinging Strike 0-2: Strikes out swinging
|
| Top of the 6th over - 0 runs, 0 hits, 0 errors, 0 left on base; Orem 1 - Princeton 10 |
| BOTTOM OF THE 6TH |
|
Princeton Rays batting - Pitching for Orem Owlz : RHP Kunihiro Sasaki
|
|
Batting: RHB John Downing
|
0-0: Swinging Strike 0-1: Ball 1-1: Ball 2-1: Swinging Strike 2-2: Ball 3-2: Foul Ball, location: 2F 3-2: Ground out 5-3 (Groundball, 56S, EV 80.0 MPH)
|
|
Batting: LHB Sean Banks
|
0-0: Foul Ball, location: 2F 0-1: Ball 1-1: Ball 2-1: Called Strike 2-2: Fly out, F8 (Flyball, 89M, EV 96.9 MPH)
|
|
Batting: RHB Roberto Aispuro
|
0-0: Ball 1-0: Ball 2-0: Fly out, F4 (Line Drive, 4MD, EV 66.2 MPH)
|
| Bottom of the 6th over - 0 runs, 0 hits, 0 errors, 0 left on base; Orem 1 - Princeton 10 |
| TOP OF THE 7TH |
|
Orem Owlz batting - Pitching for Princeton Rays : RHP Eddie Aguirre
|
|
Batting: LHB Alberto Carrillo
|
0-0: Ball 1-0: SINGLE (Line Drive, 9S, EV 111.9 MPH)
|
|
Batting: RHB Danny Guevara
|
0-0: Called Strike 0-1: Swinging Strike 0-2: Ball 1-2: Ball 2-2: Grounds into double play, 6-4-3 (Groundball, 6, EV 83.1 MPH)
|
|
Batting: RHB Sean Rocha
|
0-0: Called Strike 0-1: Fly out, F8 (Flyball, 8RXD, EV 93.8 MPH)
|
| Top of the 7th over - 0 runs, 1 hit, 0 errors, 0 left on base; Orem 1 - Princeton 10 |
| BOTTOM OF THE 7TH |
|
Princeton Rays batting - Pitching for Orem Owlz : RHP Kunihiro Sasaki
|
|
Batting: RHB Jim Erdody
|
0-0: Ball 1-0: Ball 2-0: Ball 3-0: Base on Balls
|
|
Batting: RHB Adam Turpin
|
0-0: Ball 1-0: Grounds into double play, 6-4-3 (Groundball, 6, EV 77.5 MPH)
|
|
Batting: LHB Jonathan Spino
|
0-0: Swinging Strike 0-1: Ball 1-1: Called Strike 1-2: Ball 2-2: Foul Ball, location: 2F 2-2: Foul Ball, location: 2F 2-2: Ball 3-2: Ground out 4-3 (Groundball, 4, EV 81.2 MPH)
|
| Bottom of the 7th over - 0 runs, 0 hits, 0 errors, 0 left on base; Orem 1 - Princeton 10 |
| TOP OF THE 8TH |
|
Orem Owlz batting - Pitching for Princeton Rays : RHP Eddie Aguirre
|
|
Batting: RHB Trevor Kingston
|
0-0: Ball 1-0: Ball 2-0: Foul Ball, location: 2F 2-1: Foul Ball, location: 2F 2-2: Ball 3-2: Foul Ball, location: 2F 3-2: Base on Balls
|
|
Batting: RHB Jayden Bain
|
0-0: Swinging Strike 0-1: Foul Ball, location: 2F 0-2: Strikes out swinging
|
|
Batting: RHB Josh Faulconer
|
0-0: Foul Ball, location: 2F 0-1: Ball 1-1: Called Strike 1-2: Ball 2-2: Strikes out looking
|
|
Batting: RHB Nick Lombardo
|
0-0: Called Strike 0-1: Swinging Strike 0-2: Ball 1-2: Strikes out looking
|
| Top of the 8th over - 0 runs, 0 hits, 0 errors, 1 left on base; Orem 1 - Princeton 10 |
| BOTTOM OF THE 8TH |
|
Princeton Rays batting - Pitching for Orem Owlz : RHP Kunihiro Sasaki
|
|
Pitching: RHP Jim Sawicki
|
|
|
Batting: SHB Joshua Jackson
|
0-0: Called Strike 0-1: Ground out U3 (Groundball, 3, EV 89.4 MPH)
|
|
Batting: RHB Alex Diaz
|
0-0: Ball 1-0: Foul Ball, location: 2F 1-1: Ball 2-1: Foul Ball, location: 2F 2-2: Foul Ball, location: 2F 2-2: Ball 3-2: Foul Ball, location: 2F 3-2: Ground out U3 (Groundball, 34, EV 88.1 MPH)
|
|
Batting: LHB Rich Matthews
|
0-0: Ball 1-0: Ball 2-0: Foul Ball, location: 2F 2-1: Ground out U3 (Groundball, 3, EV 82.5 MPH)
|
| Bottom of the 8th over - 0 runs, 0 hits, 0 errors, 0 left on base; Orem 1 - Princeton 10 |
| TOP OF THE 9TH |
|
Orem Owlz batting - Pitching for Princeton Rays : RHP Eddie Aguirre
|
|
Batting: LHB Matthew Bale
|
0-0: Called Strike 0-1: Called Strike 0-2: Strikes out looking
|
|
Batting: RHB Peter Westover
|
0-0: Called Strike 0-1: Ground out 4-3 (Groundball, 4, EV 85.0 MPH)
|
|
Batting: LHB Alberto Carrillo
|
0-0: Ball 1-0: Swinging Strike 1-1: Ball 2-1: Fly out, F7 (Flyball, 7D, EV 101.2 MPH)
|
| Top of the 9th over - 0 runs, 0 hits, 0 errors, 0 left on base; Orem 1 - Princeton 10 |
|